 Dungeon Crawl Stone Soup version 0.26.1-2-gb8aa6d0cf2 (webtiles) character file.

Game seed: 9008943838701911977

141 MalarOregon the Gusty (level 5, -11/34 HPs)
             Began as a Halfling Air Elementalist on Mar 28, 2021.
             Killed by divine providence
             ... invoked by an orc priest
              (16 damage)
             ... on level 3 of the Dungeon.
             The game lasted 00:07:01 (3797 turns).

MalarOregon the Gusty (Halfling Air Elementalist)   Turns: 3797, Time: 00:07:02

Health: -11/34     AC:  5    Str:  9    XL:     5   Next: 48%
Magic:  4/7        EV: 14    Int: 14    God:
Gold:   106        SH:  0    Dex: 15    Spells: 2/7 levels left

rFire    . . .     SeeInvis .   c - +0 broad axe (vorpal)
rCold    . . .     Faith    .   (shield currently unavailable)
rNeg     . . .     Spirit   .   o - +0 leather armour {rPois}
rPois    +         Reflect  .   (no helmet)
rElec    .         Harm     .   g - +0 cloak
rCorr    .         Rampage  .   a - +0 pair of gloves
Will     .....                  (no boots)
Stlth    ++........             (no amulet)
HPRegen  0.11/turn              h - ring of flight
MPRegen  0.10/turn              (no ring)

@: no status effects
A: small, mutation resistance 1
a: Evoke Flight


You were on level 3 of the Dungeon.
You visited 1 branch of the dungeon, and saw 3 of its levels.

You collected 106 gold pieces.

Inventory:

Hand Weapons
 c - a +0 vorpal broad axe (weapon)
   (You found it on level 3 of the Dungeon)
Missiles
 d - 15 poisoned darts (quivered)
Armour
 a - a +0 pair of gloves (worn)
   (You found it on level 1 of the Dungeon)
 g - a +0 cloak (worn)
   (You found it on level 2 of the Dungeon)
 o - a +0 leather armour of poison resistance (worn)
   (You found it on level 2 of the Dungeon)
 p - a cursed +0 scale mail
   (You found it on level 2 of the Dungeon)
Jewellery
 h - a ring of flight (left hand)
   (You found it on level 2 of the Dungeon)
Scrolls
 f - 2 scrolls of remove curse {unknown}
 k - 3 scrolls of amnesia {unknown}
 l - a scroll of blinking {unknown}
 m - 2 scrolls of teleportation {unknown}
 n - a scroll of fog {unknown}
 q - a scroll of identify {unknown}
Potions
 b - a potion of lignification {unknown}
 e - a potion of degeneration {unknown}
 i - a potion of curing {unknown}
 j - a potion of magic {unknown}


   Skills:
 + Level 2.2 Fighting
 + Level 2.9 Armour
 - Level 2.1 Dodging
 - Level 2.1 Stealth
 - Level 1.5 Spellcasting
 - Level 0.7 Conjurations
 + Level 4.1 Air Magic


You had 2 spell levels left.
You knew the following spells:

 Your Spells              Type           Power        Failure   Level
a - Shock                 Conj/Air       28%          13%         1
b - Airstrike             Air            6%           52%         4

Your spell library contained the following spells:

 Spells                   Type           Power        Failure   Level
 Swiftness                Air            12%          10%         2
 Static Discharge         Conj/Air       7%           36%         3
 Lightning Bolt           Conj/Air       3%           98%         5


Dungeon Overview and Level Annotations

Branches:
Dungeon (3/15)

Altars:


Innate Abilities, Weirdness & Mutations

You are small and have problems with some larger weapons.
You are somewhat resistant to further mutation.


Message History

You kill the adder!
The orc hits you with a +2 dagger of venom.
* * * LOW HITPOINT WARNING * * *
You kill the orc!
There is a stone staircase leading up here.
The orc priest invokes the aid of Beogh against you.
Beogh smites you!
* * * LOW HITPOINT WARNING * * *
You climb upwards.
There is a stone staircase leading down here.
You start resting.
You climb downwards.
The orc barely misses you.
The orc priest begins to cast a cantrip, but forgets the words!
There is a stone staircase leading up here.
The orc misses you.
You climb upwards.
There is a stone staircase leading down here.
You slash the orc!
You kill the orc!
No target in view!
No target in view!
You climb downwards.
There is a stone staircase leading up here.
The orc priest mumbles some strange prayers to Beogh against you.
You barely resist. The orc priest barely misses you.
You barely miss the orc priest.
The orc priest hits you with a +0 morningstar!
The orc priest hits you with a +0 morningstar.
You completely miss the orc priest.
The orc priest casts a cantrip, but nothing happens.
You hit the orc priest. The orc priest misses you. x2
Aim: an orc priest, wielding a +0 morningstar (lightly wounded, 32% to evade)
The zap hits the orc priest.
Aim: an orc priest, wielding a +0 morningstar (moderately wounded, 32% to evade)
The zap hits the orc priest.
The orc priest invokes the aid of Beogh against you.
Pain shoots through your body!
* * * LOW HITPOINT WARNING * * *
Aim: an orc priest, wielding a +0 morningstar (heavily wounded, 32% to evade)
The zap hits the orc priest.
The orc priest calls down the wrath of Beogh upon you.
Pain shoots through your body!
* * * LOW HITPOINT WARNING * * *
You aren't carrying any items that you can evoke.
The orc priest misses you.
There is a stone staircase leading up here.
The orc priest calls down the wrath of Beogh upon you.
Beogh smites you!
You die...

# #..#####.##.##......
###...................
#......#####.##.##.#####
#####..# ##.##.##.#
#.o####...#.##.#
#......)..#.##.#
#......[.[.)...#
#.##########....o#####.####
#.............@#....##.#
#######.#####....##.##.#
#.# #.#.## ##.# #.#
#.#.###.##.. #.#
#.......#### #)#
###.#..[..# #)# #.......[..
#.###.........#
#.............#


You could see an orc priest and an orc (wandering).

Vanquished Creatures
  Terence (D:3)
  A gnoll (D:1)
  2 adders
  An ooze (D:3)
  3 dart slugs
  8 orcs
  2 ball pythons
  4 bats
  3 giant cockroaches (D:1)
  9 goblins
  9 hobgoblins
  A frilled lizard (D:3)
  13 kobolds
  9 rats
66 creatures vanquished.

Notes
Turn   | Place    | Note
-------+----------+-------------------------------------------
     0 | D:1      | MalarOregon the Halfling Air Elementalist began the quest
                  | for the Orb.
     0 | D:1      | Reached XP level 1. HP: 11/11 MP: 3/3
    95 | D:1      | Reached XP level 2. HP: 3/18 MP: 0/4
   367 | D:1      | Reached skill level 1 in Armour
  1001 | D:1      | Reached skill level 1 in Fighting
  1001 | D:1      | Reached XP level 3. HP: 21/23 MP: 0/5
  1593 | D:1      | You fall into a shaft and drop 1 floor!
  1612 | D:2      | Reached XP level 4. HP: 23/28 MP: 0/6
  2917 | D:1      | Learned a level 4 spell: Airstrike
  3212 | D:3      | Noticed Terence
  3230 | D:3      | Killed Terence
  3231 | D:3      | Reached skill level 4 in Air Magic
  3231 | D:3      | Reached XP level 5. HP: 29/34 MP: 7/7
  3797 | D:3      | Killed from afar by an orc priest

Illustrated notes

Levels and vault maps discovered:
D:1:      heliophobic_arrival_henge, layout_loops_ring,
          chequers_serial_rivers_small_b
D:2:      layout_loops_cross, chequers_garden, minmay_misc_feat_rows,
          guppyfry_early_lair_pool
D:3:      layout_loops_ring, uniq_terence

Skill      XL: |  1  2  3  4 |
---------------+-------------+-----
Armour         | 1 2 |  2.9
Fighting       | 1 2 |  2.2
Air Magic      | 4 |  4.1
Dodging        | |  2.1
Stealth        | |  2.1
Spellcasting   | |  1.5
Conjurations   | |  0.7

Action                   |  1- 3 |  4- 6 || total
-------------------------+-------+-------++-------
Melee: Short sword       |     6 |       ||     6
       Dagger            |    29 |    44 ||    73
       Flail             |       |    16 ||    16
       Broad axe         |       |    27 ||    27
Throw: Dart              |       |    13 ||    13
 Cast: Shock             |    44 |    51 ||    95
 Stab: Sleeping          |       |     1 ||     1
Armor: Robe              |     4 |     5 ||     9
       Leather armour    |       |    40 ||    40
Dodge: Dodged            |    43 |    97 ||   140
